 Dungeon Crawl Stone Soup version 0.22.1-6-g1668fe2 (webtiles) character file.

10260 beigtais the Cleaver (level 11, -5/84 HPs)
             Began as a Demonspawn Fighter on Jan 29, 2019.
             Was a Priest of Qazlal.
             Slain by Snorg (12 damage)
             ... on level 11 of the Dungeon.
             The game lasted 01:08:12 (12382 turns).

beigtais the Cleaver (Demonspawn Fighter)          Turns: 12382, Time: 01:08:13

Health: -5/84      AC: 29    Str: 22    XL:     11   Next: 33%
Magic:  7/14       EV:  8    Int:  9    God:    Qazlal [***...]
Gold:   558        SH: 16    Dex: 18    Spells: 10/10 levels left

rFire    . . .     SeeInvis .   y - +2 war axe (flame)
rCold    . . .     Gourm    .   k - +1 shield
rNeg     . . .     Faith    .   m - +0 plate armour
rPois    +         Spirit   .   e - +0 hat
rElec    .         Reflect  .   p - scarf {repulsion}
rCorr    .         Harm     .   v - +0 pair of gloves
MR       .....     Clarity  +   (no boots)
Stlth    ..........             (no amulet)
HPRegen  0.00/turn              E - ring of poison resistance
MPRegen  0.14/turn              g - +3 ring of protection

@: mighty, sanguine armour, very slightly contaminated, repel missiles
A: talons 2, agile 1, clarity, demonic guardian 1, inhibited regeneration,
sanguine armour 3
a: Upheaval, Elemental Force, Renounce Religion


You were on level 11 of the Dungeon.
You worshipped Qazlal.
Qazlal was most pleased with you.
You were not hungry.

You visited 2 branches of the dungeon, and saw 12 of its levels.

You collected 558 gold pieces.

Inventory:

Hand Weapons
 s - a cursed +0 battleaxe of freezing
 y - a +2 war axe of flaming (weapon)
 z - a +0 broad axe
Missiles
 c - 230 stones
 h - 63 poisoned needles
 l - 11 tomahawks (quivered)
 x - 7 throwing nets
Armour
 e - a +0 hat (worn)
 k - a +1 shield (worn)
 m - a +0 plate armour (worn)
 p - a scarf of repulsion (worn)
 v - a +0 pair of gloves (worn)
Jewellery
 g - a +3 ring of protection (right hand)
 o - an uncursed ring of protection from magic
 r - an uncursed ring of wizardry
 w - an uncursed ring of flight
 E - a ring of poison resistance (left hand)
Wands
 t - a wand of iceblast (16)
 A - a wand of disintegration (3)
 B - a wand of acid (7)
 C - a wand of flame (9)
 H - a wand of enslavement (14)
Scrolls
 i - 2 scrolls of fog
 j - 8 scrolls of teleportation
 D - 5 scrolls of remove curse
 F - a scroll of amnesia
Potions
 a - 4 potions of agility
 b - a potion of ambrosia
 d - 2 potions of might
 n - 6 potions of curing
 q - 4 potions of flight
Comestibles
 f - 17 rations
 G - 20 chunks of flesh


   Skills:
 * Level 7.3 Fighting
 * Level 9.5 Axes
 * Level 5.0 Throwing
 * Level 6.5 Armour
 * Level 5.1 Dodging
 - Level 1.0 Stealth
 * Level 7.2 Shields
 * Level 4.5 Invocations
 + Level 0.2 Evocations


You had 10 spell levels left.
You didn't know any spells.
Your spell library contained the following spells:

 Spells                   Type           Power        Failure   Level  Hunger
 Beastly Appendage        Tmut           #.....       100%        1    ##.....
 Freeze                   Ice            #...         100%        1    ##.....
 Magic Dart               Conj           #...         100%        1    ##.....
 Blink                    Tloc           N/A          100%        2    ###....
 Call Imp                 Summ           #.......     100%        2    ###....
 Slow                     Hex            #.......     100%        2    ###....
 Sticks to Snakes         Tmut           #.......     100%        2    ###....
 Throw Frost              Conj/Ice       #.....       100%        2    ###....
 Conjure Flame            Conj/Fire      #.......     100%        3    ####...
 Mephitic Cloud           Conj/Pois/Air  #.......     100%        3    ####...
 Ozocubu's Armour         Chrm/Ice       #.......     100%        3    ####...
 Spider Form              Tmut/Pois      #.........   100%        3    ####...
 Ice Form                 Ice/Tmut       #.......     100%        4    #####..
 Summon Ice Beast         Ice/Summ       #.......     100%        4    #####..
 Throw Icicle             Conj/Ice       #.......     100%        4    #####..
 Blade Hands              Tmut           #.........   100%        5    ######.


Dungeon Overview and Level Annotations

Branches:
Dungeon (11/15)            Temple (1/1) D:6
   Lair: D:8-11         Orc: D:9-12

Altars:
Ashenzari
Cheibriados
Dithmenos
Elyvilon
Fedhas
Gozag
Hepliaklqana
Kikubaaqudgha
Makhleb
Nemelex Xobeh
Okawaru
Qazlal
Ru
Sif Muna
Trog
Uskayaw
Vehumet
Wu Jian
Xom
Yredelemnul
Zin
The Shining One

Shops:
D:6 %

Annotations:
D:11 Snorg


Innate Abilities, Weirdness & Mutations

You have razor-sharp toenails.
A weak demonic guardian rushes to your aid.
When seriously injured, your bleeding wounds create very thick armour. (AC +12)
You are agile. (Dex +2)
You possess an exceptional clarity of mind.
You do not regenerate when monsters are visible.


Message History

* * * LOW HITPOINT WARNING * * *
You completely miss Snorg. You claw Snorg!
Snorg is almost dead.
Snorg bites you.
* * * LOW HITPOINT WARNING * * *
Snorg claws you but does no damage. Snorg barely misses you.
You block Snorg's attack. Snorg claws you but does no damage.
You block Snorg's attack.
Okay, then.
You swap places.
Snorg bites your ufetubus!
Your ufetubus dies!
Snorg rages.
Snorg bites you!
* * * LOW HITPOINT WARNING * * *
You block Snorg's attack. Snorg claws you but does no damage.
There is an open door here.
Okay, then.
Unknown command.
Snorg is no longer berserk.
Snorg bites you!
You die...

##.# ##. #..# #.. #.## #.#
####'######## ##.########
#...........###.........#
##............##.........#
##........#.#.##.........#
o'h..........ยง>#.[).>....#
##........#.#..#@)<......#
#...........o.T.).......#
#...........###)........#
#...........# ######+####
##+##########


You could see Snorg and an orc.

Vanquished Creatures
  Fannar (D:10)
  Harold (D:8)
  3 two-headed ogres
  Pikel (D:7)
  Joseph (D:7)
  2 trolls
  A hippogriff (D:11)
  3 yaks (D:11)
  A hungry ghost (D:8)
  A wyvern (D:9)
  2 water moccasins
  2 phantoms
  6 orc warriors
  2 ice beasts
  4 ogres
  A necrophage (D:7)
  5 sky beasts
  2 centaurs
  A big kobold (D:7)
  6 bullfrogs
  Blork the orc (D:5)
  A gnoll sergeant (D:3)
  A water moccasin zombie (D:8)
  A water moccasin skeleton (D:6)
  2 scorpions
  Dowan (D:7)
  11 wights
  A bullfrog zombie (D:8)
  A quasit (D:8)
  6 crimson imps
  5 hounds
  2 orc priests
  Crazy Yiuf (D:7)
  2 jellies
  7 orc wizards
  An iguana (D:9)
  5 worker ants
  A hound skeleton (D:2)
  2 hound zombies
  15 adders
  A worker ant zombie (D:10)
  10 gnolls
  2 shadow imps
  An ooze (D:3)
  An adder skeleton (D:10)
  2 worms
  3 dart slugs
  2 leopard geckos
  29 orcs
  6 giant cockroaches
  5 goblins
  8 hobgoblins
  10 jackals
  13 kobolds
  3 quokkas
  2 ball pythons
  6 bats
  6 frilled lizards
  A quokka skeleton (D:4)
  10 rats
234 creatures vanquished.

Vanquished Creatures (collateral kills)
  A centaur skeleton (D:10)
  Eustachio (D:4)
  Duvessa (D:7)
  A sky beast (D:6)
  3 ogres
  A centaur (D:8)
  A bullfrog (D:9)
  A scorpion (D:5)
  A wight (D:11)
  A bullfrog skeleton (D:4)
  An orc priest (D:6)
  2 orc wizards
  2 gnolls
  5 orcs
  A bat (D:3)
23 creatures vanquished.

Vanquished Creatures (others)
  A worker ant zombie (D:7)
1 creature vanquished.

Grand Total: 258 creatures vanquished

Notes
Turn   | Place    | Note
-------+----------+-------------------------------------------
     0 | D:1      | beigtais the Demonspawn Fighter began the quest for the
                  | Orb.
     0 | D:1      | Reached XP level 1. HP: 18/18 MP: 1/1
   304 | D:1      | Gained mutation: A weak demonic guardian rushes to your
                  | aid. [demonic ancestry]
   304 | D:1      | Reached XP level 2. HP: 24/24 MP: 2/2
   365 | D:1      | Reached skill level 2 in Axes
   891 | D:2      | Reached XP level 3. HP: 23/29 MP: 3/3
  1513 | D:2      | Gained mutation: When seriously injured, your bleeding
                  | wounds create armour. (AC +12) [demonic ancestry]
  1513 | D:2      | Reached XP level 4. HP: 33/35 MP: 4/4
  1870 | D:2      | Found a sparkling altar of Nemelex Xobeh.
  2114 | D:3      | Noticed a gnoll sergeant
  2143 | D:3      | Killed a gnoll sergeant
  2143 | D:3      | Reached skill level 3 in Axes
  2143 | D:3      | Reached skill level 1 in Throwing
  2143 | D:3      | Gained mutation: When seriously injured, your bleeding
                  | wounds create thick armour. (AC +12) [demonic ancestry]
  2143 | D:3      | Reached XP level 5. HP: 6/42 MP: 5/5
  2410 | D:3      | Reached skill level 1 in Dodging
  2932 | D:3      | Gained mutation: When seriously injured, your bleeding
                  | wounds create very thick armour. (AC +12) [demonic
                  | ancestry]
  2932 | D:3      | Reached XP level 6. HP: 45/48 MP: 6/6
  3022 | D:3      | Found a radiant altar of Vehumet.
  3744 | D:4      | Reached skill level 4 in Axes
  3801 | D:4      | Found an ancient bone altar of Kikubaaqudgha.
  3858 | D:4      | Found an ornate altar of the Wu Jian Council.
  3879 | D:4      | Noticed Eustachio
  3905 | D:4      | Reached XP level 7. HP: 37/54 MP: 7/7
  3907 | D:4      | Killed Eustachio
  4188 | D:4      | Found an opulent altar of Gozag.
  4450 | D:5      | Entered Level 5 of the Dungeon
  4637 | D:5      | Found a hide-covered altar of Uskayaw.
  4747 | D:5      | Got a fine robe
  4862 | D:5      | Got a faintly humming ring mail
  4884 | D:5      | Identified the +1 ring mail "Cemidoz" {rElec rCorr} (You
                  | found it on level 5 of the Dungeon)
  4907 | D:5      | Noticed Blork the orc
  4940 | D:5      | Killed Blork the orc
  4952 | D:5      | Identified the +2 robe "Teot" {rElec Dex+4} (You found it
                  | on level 5 of the Dungeon)
  5380 | D:5      | Found a hazy altar of Hepliaklqana.
  5382 | D:5      | Found a blossoming altar of Fedhas.
  5382 | D:5      | Found a sacrificial altar of Ru.
  5384 | D:5      | Found a shimmering altar of Xom.
  5384 | D:5      | Found a glowing silver altar of Zin.
  5384 | D:5      | Found a hazy altar of Hepliaklqana.
  5569 | D:6      | Found a staircase to the Ecumenical Temple.
  5580 | D:6      | Reached skill level 5 in Axes
  5625 | D:6      | Reached XP level 8. HP: 30/61 MP: 8/8
  5734 | Temple   | Entered the Ecumenical Temple
  6103 | Temple   | Became a worshipper of Qazlal Stormbringer
  6426 | D:6      | Found a snail-covered altar of Cheibriados.
  6538 | D:6      | Reached skill level 5 in Shields
  6821 | D:6      | Found Tocoal's Food Boutique.
  6967 | D:7      | Reached skill level 6 in Axes
  6976 | D:7      | Reached skill level 5 in Fighting
  6986 | D:7      | Reached skill level 5 in Armour
  7155 | D:7      | Noticed Duvessa
  7157 | D:7      | Noticed Dowan
  7180 | D:6      | Reached * piety under Qazlal
  7330 | D:7      | Gained mutation: You are agile. (Dex +2) [potion of
                  | mutation]
  7330 | D:7      | Gained mutation: You do not regenerate when monsters are
                  | visible. [potion of mutation]
  7330 | D:7      | Gained mutation: You possess an exceptional clarity of
                  | mind. [potion of mutation]
  7428 | D:7      | Killed Dowan
  7648 | D:7      | Killed Duvessa
  7648 | D:7      | Reached XP level 9. HP: 60/68 MP: 9/9
  7802 | D:7      | Noticed Joseph
  7814 | D:7      | Killed Joseph
  7814 | D:7      | Reached skill level 1 in Stealth
  8003 | D:7      | Noticed Pikel
  8030 | D:7      | Killed Pikel
  8030 | D:7      | Reached skill level 1 in Invocations
  8287 | D:7      | Reached skill level 7 in Axes
  8704 | D:7      | Found a runed door.
  8708 | D:7      | Noticed Crazy Yiuf
  8711 | D:7      | Killed Crazy Yiuf
  8977 | D:8      | Noticed Harold
  8998 | D:8      | Killed Harold
  8998 | D:8      | Gained mutation: You have sharp toenails. [demonic
                  | ancestry]
  8998 | D:8      | Reached XP level 10. HP: 33/77 MP: 10/12
  9314 | D:8      | Noticed a two-headed ogre
  9322 | D:8      | Killed a two-headed ogre
  9322 | D:8      | Reached ** piety under Qazlal
  9322 | D:8      | Reached skill level 8 in Axes
  9552 | D:8      | Noticed a two-headed ogre
  9564 | D:8      | Killed a two-headed ogre
 10163 | D:9      | Noticed a two-headed ogre
 10308 | D:9      | Found a stormy altar of Qazlal.
 10324 | D:9      | Killed a two-headed ogre
 10668 | D:9      | Found a basalt altar of Yredelemnul.
 10761 | D:9      | Reached skill level 9 in Axes
 11211 | D:10     | Entered Level 10 of the Dungeon
 11217 | D:10     | Gained mutation: You have razor-sharp toenails. [demonic
                  | ancestry]
 11217 | D:10     | Reached XP level 11. HP: 82/83 MP: 14/14
 11636 | D:10     | Found a basalt altar of Yredelemnul.
 11643 | D:10     | Noticed Fannar
 11659 | D:10     | Killed Fannar
 11659 | D:10     | Reached skill level 5 in Dodging
 12218 | D:11     | Reached *** piety under Qazlal
 12291 | D:11     | Reached skill level 5 in Throwing
 12338 | D:11     | Noticed Snorg
 12382 | D:11     | Slain by Snorg

Skill      XL: |  1  2  3  4  5  6  7  8  9 10 11 |
---------------+----------------------------------+-----
Axes           | 2 3 4 5 6 7 9 |  9.5
Armour         | 3 4 5 6 |  6.5
Shields        | 3 4 5 6 7 |  7.2
Throwing       | 1 2 3 4 5 |  5.0
Dodging        | 1 2 3 4 5 |  5.1
Fighting       | 4 5 6 7 |  7.3
Stealth        | 1 |  1.0
Invocations    | 2 4 |  4.5
Evocations     | |  0.2

Action                   |  1- 3 |  4- 6 |  7- 9 | 10-12 || total
-------------------------+-------+-------+-------+-------++-------
Melee: War axe           |   119 |   248 |   389 |   254 ||  1010
       Kick              |       |       |       |    96 ||    96
Throw: Stone             |    37 |    16 |     1 |       ||    54
       Tomahawk          |       |       |    22 |    14 ||    36
       Throwing net      |       |       |     4 |       ||     4
Invok: Upheaval          |       |       |       |     3 ||     3
Evoke: Wand              |       |       |     2 |     5 ||     7
  Use: Scroll            |     1 |     2 |     6 |     5 ||    14
       Potion            |     4 |     5 |     4 |     4 ||    17
 Stab: Distracted        |       |     3 |     3 |     3 ||     9
  Eat: Chunk             |     2 |     5 |    10 |     7 ||    24
       Ration            |       |     1 |     2 |     2 ||     5
Armor: Scale mail        |     8 |       |       |       ||     8
       Chain mail        |    97 |   143 |    29 |       ||   269
       Plate armour      |       |       |   189 |   100 ||   289
       Skin              |       |       |     2 |       ||     2
Dodge: Dodged            |    35 |    64 |    53 |    29 ||   181
       Deflected         |       |       |       |     2 ||     2
Block: Shield            |    73 |   152 |   236 |   170 ||   631
